 Dungeon Crawl Stone Soup version 0.32-a0-540-g866d13106e (webtiles) character file.

Game seed: 10730604833195615551

1734834 gimp the Sorcerer (level 26, 140/140 HPs)
             Began as a Deep Elf Air Elementalist on Feb 29, 2024.
             Was the Champion of Vehumet.
             Escaped with the Orb
             ... and 3 runes!
             The game lasted 02:43:50 (63279 turns).

gimp the Sorcerer (Deep Elf Air Elementalist)      Turns: 63279, Time: 02:43:50

Health: 140/140    AC: 22    Str: 16 (19) XL:     26   Next: 7%
Magic:  53/53      EV: 17    Int: 44      God:    Vehumet [******]
Gold:   2017       SH: 18    Dex:  9 (11) Spells: 4/73 levels left

rFire   + + +        b - staff of Spite {^Fragile rElec Str+4 Conj Ice}
rCold   + . .        V - +5 kite shield {AC+3}
rNeg    + + +        s - +7 leather armour of the Endless Thickets {rPois rF+ rC+ Str+3}
rPois   +            k - +2 helmet {Int+3}
rElec   +            C - +2 cloak {Will+}
rCorr   +            g - +1 pair of gloves "Eneiggos" {Rampage rElec Regen+}
SInv    .            J - +0 pair of boots of the Voracious Grue {rF+ rC+ Str+4}
Will    ++++.        N - amulet of Fuxt {RegenMP +Inv rN+++ Str-3 Dex-4}
Stlth   +            w - ring of Onitair {Fire ^Contam rN+ Will+ rCorr}
HPRegen 1.23/turn    O - ring of Dithmenos's Delight {Fly Str+6 Int+8}
MPRegen 0.73/turn

%: random rage (3%), rampage
@: flying, hasted, studying 3 skills, very quick
A: berserk 1, frail 1, inhibited regeneration
0: Orb of Zot
}: 3/15 runes: barnacled, slimy, gossamer
a: Renounce Religion, Evoke Invisibility


You escaped.
You worshipped Vehumet.
Vehumet was exalted by your worship.
You visited 10 branches of the dungeon, and saw 51 of its levels.
You also visited: Trove, Ossuary, Gauntlet, Wizlab and Desolation.

You collected 7233 gold pieces.
You spent 5216 gold pieces at shops.

Inventory:

Missiles
 d - 20 curare-tipped darts
 M - 9 throwing nets
Armour
 g - the +1 pair of gloves "Eneiggos" (worn) {Rampage rElec Regen+}
   (You bought it in a shop on level 1 of the Elven Halls)

   rElec:     It insulates you from electricity.
   Regen+:    It increases your rate of health regeneration.
   Rampage:   It bestows one free step when moving towards enemies.
 k - a +2 helmet of intelligence (worn)
 s - the +7 leather armour of the Endless Thickets (worn) {rPois rF+ rC+ Str+3}
   (You found it on level 2 of the Lair of Beasts)

   Str+3:     It affects your strength (+3).
   rF+:       It protects you from fire.
   rC+:       It protects you from cold.
   rPois:     It protects you from poison
 C - a +2 cloak of willpower (worn)
 J - the +0 pair of boots of the Voracious Grue (worn) {rF+ rC+ Str+4}
   (You bought it in a shop on level 4 of the Dungeon)

   Str+4:     It affects your strength (+4).
   rF+:       It protects you from fire.
   rC+:       It protects you from cold.
 V - a +5 kite shield of protection (worn)
Magical Staves
 a - a staff of air
 b - the staff of Spite (weapon) {^Fragile rElec Str+4 Conj Ice}
   (You found it in a treasure trove)

   [staff of conjuration]

   Base accuracy: +5 Base damage: 5 Base attack delay: 1.2 This weapon's minimum
   attack delay (0.6) is reached at skill level 12.
   Str+4:     It affects your strength (+4).
   rElec:     It insulates you from electricity.
   ^Fragile:  It will be destroyed if unequipped.
   Conj:      It increases the power of your Conjurations spells.
   Ice:       It increases the power of your Ice spells.
   It falls into the 'Staves' category.
   It is a one-handed weapon.
 c - a staff of fire
 x - a staff of cold
Jewellery
 m - a ring of resist corrosion
 w - the ring of Onitair (left hand) {Fire ^Contam rN+ Will+ rCorr}
   (You took it off an imperial myrmidon in the Desolation of Salt)

   [ring of fire]

   Fire:      It enhances your fire magic.
   rF+:       It protects you from fire.
   rC-:       It makes you vulnerable to cold.
   rN+:       It protects you from negative energy.
   Will+:     It increases your willpower.
   ^Contam:   It causes magical contamination when unequipped.
   rCorr:     It protects you from acid and corrosion.
 N - the amulet of Fuxt (around neck) {RegenMP +Inv rN+++ Str-3 Dex-4}
   (You found it on level 3 of the Lair of Beasts)

   [amulet of magic regeneration]

   RegenMP:   It increases your rate of magic regeneration.
   Str-3:     It affects your strength (-3).
   Dex-4:     It affects your dexterity (-4).
   rN+++:     It renders you almost immune to negative energy.
   +Inv:      It lets you turn invisible.
 O - the ring of Dithmenos's Delight (right hand) {Fly Str+6 Int+8}
   (You found it on level 1 of the Spider Nest)

   [ring of strength]

   Str+6:     It affects your strength (+6).
   Int+8:     It affects your intelligence (+8).
   Fly:       It grants you flight.
 P - a ring of willpower
 W - a ring of flight
 Z - a ring of protection from cold
Wands
 h - a wand of digging (27)
 j - a wand of quicksilver (33)
 v - a wand of mindburst (40)
 F - a wand of flame (105)
 L - a wand of charming (57)
 X - a wand of roots (48)
Scrolls
 f - 17 scrolls of teleportation
 n - 7 scrolls of fear
 p - 5 scrolls of amnesia
 q - 7 scrolls of revelation
 t - 8 scrolls of vulnerability
 u - a scroll of blinking
 y - 12 scrolls of fog
 B - a scroll of identify
 D - 9 scrolls of immolation
 R - 6 scrolls of poison
Potions
 e - 6 potions of mutation
 l - 6 potions of brilliance
 o - 3 potions of magic
 r - 13 potions of ambrosia
 z - 7 potions of enlightenment
 A - 5 potions of cancellation
 E - 6 potions of resistance
 G - 5 potions of haste
 H - 29 potions of curing
 K - 11 potions of heal wounds
 U - 3 potions of invisibility
Miscellaneous
 Q - a phial of floods
 S - a box of beasts


   Skills:
 + Level 13.0 Fighting
 + Level 20.2 Dodging
 - Level 2.4 Stealth
 - Level 18.0 Shields
 - Level 24.0 Spellcasting
 - Level 22.0 Conjurations
 - Level 18.0 Fire Magic
 - Level 22.0 Air Magic
 - Level 6.0 Earth Magic
 - Level 8.0 Alchemy


You had 4 spell levels left.
You knew the following spells:

 Your Spells              Type           Power      Damage    Failure   Level
a - Bombard               Conj/Erth      66%        9d11      1%          6
b - Stone Arrow           Conj/Erth      100%       3d13      0%          3
c - Apportation           Tloc           100%       N/A       1%          1
d - Chain Lightning       Conj/Air       76%        3d102     1%          9
e - Irradiate             Conj/Alch      67%        3d34      1%          5
f - Fireball              Conj/Fire      87%        3d32      0%          5
g - Plasma Beam           Fire/Air       74%        2x1d91    1%          6
h - Blink                 Tloc           100%       N/A       1%          2
i - Orb of Destruction    Conj           76%        9d17      1%          7
j - Ignition              Fire           71%        3d19      1%          8
k - Maxwell's Capacitive  Air            64%        ∞         1%          8
l - Fire Storm            Conj/Fire      87%        8d22      4%          9

Your spell library contained the following spells:

 Spells                   Type           Power      Damage    Failure   Level
 Shatter                  Erth           40%        3d32*     100%        9
 Foxfire                  Conj/Fire      100%       2x1d9     0%          1
 Kiss of Death            Conj/Necr      100%       2d13      0%          1
 Magic Dart               Conj           100%       1d8       0%          1
 Shock                    Conj/Air       100%       1d9       0%          1
 Cigotuvi's Dreadful Rot  Necr/Alch/Air  100%       N/A       0%          2
 Mercury Vapours          Alch/Air       100%       N/A       0%          2
 Momentum Strike          Conj/Tloc      100%       3d10      0%          2
 Searing Ray              Conj           100%       2d8       0%          2
 Static Discharge         Conj/Air       100%       3-8/arc   0%          2
 Dazzling Flash           Conj/Hex       100%       N/A       0%          3
 Hailstorm                Conj/Ice       100%       3d16      0%          3
 Mephitic Cloud           Conj/Alch/Air  100%       N/A       0%          3
 Swiftness                Air            100%       N/A       0%          3
 Airstrike                Air            64%        2d(10-26) 0%          4
 Brom's Barrelling Bould  Conj/Erth      100%       2d11      0%          4
 Flame Wave               Conj/Fire      100%       2d21      0%          4
 Fulminant Prism          Conj/Alch      67%        3d28      0%          4
 Freeze                   Ice            100%       1d10      1%          1
 Slow                     Hex            100%       N/A       1%          1
 Summon Small Mammal      Summ           100%       N/A       1%          1
 Call Imp                 Summ           100%       N/A       1%          2
 Ensorcelled Hibernation  Hex/Ice        100%       N/A       1%          2
 Jinxbite                 Hex            100%       N/A       1%          2
 Lesser Beckoning         Tloc           100%       N/A       1%          2
 Sublimation of Blood     Necr           51%        N/A       1%          2
 Call Canine Familiar     Summ           51%        N/A       1%          3
 Confusing Touch          Hex            51%        N/A       1%          3
 Frozen Ramparts          Ice            100%       1d16      1%          3
 Inner Flame              Hex/Fire       100%       N/A       1%          3
 Passwall                 Erth           81%        N/A       1%          3
 Sigil of Binding         Hex            51%        N/A       1%          3
 Tukima's Dance           Hex            51%        N/A       1%          3
 Volatile Blastmotes      Fire/Tloc      100%       2d18      1%          3
 Animate Armour           Summ/Erth      100%       N/A       1%          4
 Ignite Poison            Fire/Alch      100%       N/A       1%          4
 Iskenderun's Mystic Bla  Conj/Tloc      100%       2d19      1%          4
 Leda's Liquefaction      Alch/Erth      42%        N/A       1%          4
 Petrify                  Alch/Erth      85%        N/A       1%          4
 Sticky Flame             Fire/Alch      100%       2d15      1%          4
 Summon Blazeheart Golem  Fire/Summ      100%       N/A       1%          4
 Summon Lightning Spire   Summ/Air       99%        N/A       1%          4
 Anguish                  Hex/Necr       25%        N/A       6%          4
 Animate Dead             Necr           51%        N/A       6%          4
 Cause Fear               Hex            25%        N/A       6%          4
 Dimensional Bullseye     Hex/Tloc       25%        N/A       6%          4
 Dispel Undead            Necr           51%        3d19      6%          4
 Passage of Golubria      Tloc           51%        N/A       6%          4
 Iskenderun's Battlesphe  Conj           100%       2d15      0%          5
 Conjure Ball Lightning   Conj/Air       76%        3x3d28    0%          6
 Alistair's Intoxication  Alch           59%        N/A       1%          5
 Freezing Cloud           Conj/Ice/Air   79%        6-21      1%          5
 Lee's Rapid Deconstruct  Erth           40%        3d20*     1%          5
 Silence                  Hex/Air        49%        N/A       1%          5
 Yara's Violent Unravell  Hex/Alch       36%        3d15      1%          5
 Eringya's Noxious Bog    Alch           44%        4d6       1%          6
 Starburst                Conj/Fire      87%        6d22      1%          6
 Spellforged Servitor     Conj/Summ      61%        N/A       1%          7
 Lehudib's Crystal Spear  Conj/Erth      66%        10d15     3%          8
 Borgnjor's Vile Clutch   Necr/Erth      34%        N/A       4%          5
 Curse of Agony           Necr           51%        N/A       16%         5
 Summon Forest            Summ/Tloc      25%        N/A       16%         5
 Summon Mana Viper        Hex/Summ       51%        N/A       16%         5
 Death Channel            Necr           25%        N/A       65%         6
 Summon Cactus Giant      Summ           25%        N/A       65%         6
 Ozocubu's Refrigeration  Ice            34%        4d15      73%         7
 Enfeeble                 Hex            25%        N/A       99%         7
 Summon Hydra             Summ           25%        N/A       99%         7
 Discord                  Hex            25%        N/A       100%        8
 Disjunction              Tloc           25%        N/A       100%        8
 Infestation              Necr           25%        N/A       100%        8
 Dragon's Call            Summ           25%        N/A       100%        9


Dungeon Overview and Level Annotations

Branches:
Dungeon (15/15)            Temple (0/1) D:7            Lair (5/5) D:8
 Shoals (4/4) Lair:2       Spider (4/4) Lair:2        Slime (5/5) Lair:5
    Orc (2/2) D:9             Elf (3/3) Orc:2        Vaults (4/5) D:13
  Crypt (0/3) Vaults:2     Depths (4/4) D:15            Zot (5/5) Depths:4
Ossuary (visited)          WizLab (visited)         Desolation (visited)
Gauntlet (visited)

Altars:
Ashenzari
Cheibriados
Dithmenos
Fedhas
Gozag
Hepliaklqana
Nemelex Xobeh
Qazlal
Ru
Sif Muna
Trog
Vehumet
Wu Jian
Xom

Shops:
D:2 *   D:4 **[(   D:6 *   Orc:2 (**(   Elf:1 ((**=(=*   Elf:3 ?
Shoals:1 (*![   Shoals:2 **([   Depths:1 [*

Portals:
Hell: Depths:1 Depths:2 Depths:3 Depths:4
Abyss: Depths:1 Depths:3
Pandemonium: Depths:2
Ziggurat: Depths:4

Annotations:
D:2 1 runed translucent door, Crazy Yiuf, Sigmund
Lair:5 exclusion: 3 doors
Spider:1 2 transporters, sleeves's ghost, journeyman AtSh
Elf:2 5 runed translucent doors, exclusion: 5 doors
Depths:1 4 transporters


Innate Abilities, Weirdness & Mutations

You sometimes lose your temper in combat.
You are frail. (-10% HP)
You do not regenerate when monsters are visible.


Message History

There is a stone staircase leading up here.
You fly upwards.
There is a stone staircase leading down here.
There is an open door here.
There is an open door here.
There is a stone staircase leading up here.
You fly upwards.
There is a stone staircase leading down here.
There is a stone staircase leading up here.
You fly upwards.
There is a stone staircase leading down here.
There is an open door here.
There is an escape hatch in the ceiling here.
A mysterious force pulls you upwards. The hatch slams shut behind you.
There is a stone staircase leading up here.
You fly upwards.
There is a stone staircase leading down here.
An Orb Guardian comes into view.
The Orb Guardian moves out of view.
There is a stone staircase leading up here.
You fly upwards.
There is a stone staircase leading down here.
An Executioner comes into view.
There is a stone staircase leading up here.
You fly upwards.
There is a stone staircase leading down here.
There is a stone staircase leading up here.
You fly upwards.
There is a stone staircase leading down here.
There is a stone staircase leading up here.
You fly upwards.
There is a stone staircase leading down here.
There is a stone staircase leading up here.
You fly upwards.
There is a stone staircase leading down here.
Things that are here:
a +0 dagger; a goblin skeleton
There is a stone staircase leading up here.
You fly upwards.
Level annotation: 1 runed translucent door, Crazy Yiuf, Sigmund
There is a stone staircase leading down here.
There is a stone staircase leading up here.
You fly upwards.
There is a stone staircase leading down here.
You see here a +0 spear.
An efreet comes into view.
It is wielding a +1 scimitar of flaming.
Casting: Bombard (mildly dangerous; 1% risk of failure)
Confirm with . or Enter, or press ? or * to list all spells.
Aiming: Bombard (mildly dangerous; 1% risk of failure)
Press: ? - help, Shift-Dir - straight line, f - efreet
Aim: an efreet, wielding a +1 scimitar of flaming (93% to hit)
You feel a surge of power!
The iron shot hits the efreet!!!
The efreet is almost dead.
You now have 48/53 mp.
Casting: Bombard (mildly dangerous; 1% risk of failure)
Confirm with . or Enter, or press ? or * to list all spells.
Aiming: Bombard (mildly dangerous; 1% risk of failure)
Press: ? - help, Shift-Dir - straight line, f/p - efreet
Aim: an efreet, wielding a +1 scimitar of flaming (almost dead, 93% to hit)
You feel a surge of power!
The iron shot hits the efreet!!!
You kill the efreet!
Vehumet accepts your kill.
You feel your power returning.
A cherub comes into view.
It is wielding a +2 long sword of flaming.
You now have 43/53 mp.
Casting: Bombard (mildly dangerous; 1% risk of failure)
Confirm with . or Enter, or press ? or * to list all spells.
You begin accumulating electric charge. (Press . to continue charging.)
You feel charge building up...
You now have 36/53 mp.
You feel charge building up...
The cherub unwields a +2 long sword of flaming.
It stops flaming.
The cherub wields a +0 shortbow.
The cherub shoots an arrow.
You block the arrow.
You feel charge building up...
You feel charge building up...
The cherub shoots an arrow.
You block the arrow.
The electricity discharges through the cherub!!!!
The cherub vaporises in an electric haze!
You kill the cherub!
Vehumet accepts your kill.
You feel your power returning.
You regained 5 mp, and now have 43/53 mp.
You see here a +1 scimitar of flaming.
A Paudghuro, 2 large abominations and a smoke demon come into view.
You see here a bat skeleton.
You regained 4 mp, and now have 47/53 mp.
Paudghuro moves out of view.
The smoke demon moves out of view.
Blink to where?
Press: ? - help, Dir - move target
As you read the scroll of blinking, it crumbles to dust.
You feel yourself speed up.
MP restored: 53 You see here a goblin skeleton.
There is an empty arch of ancient stone here.
Blink to where?
Press: ? - help, Dir - move target
As you read the scroll of blinking, it crumbles to dust.
There is a staircase leading out of the dungeon here.
You have escaped!

#.# #...÷.........#####.... #.#
##.#####.##............ #.# #.#
#.##.######.#### #.##########.#
#.##.# #.# .............# #.##.#
#.# # #.##########.#####.##.# #.#
#
#.##########.......##.######.####
#..........#.#####........##.....
##########.#..##@##..............
# #.####...###.###.######. #
#..#...≈...#.....# #. #
####.ß.≈.ß.#.###.# ##. #
#...≈...#..##)# #). #
#.⌠.≈.⌠.##.##.# #.. #
#...≈...##.##.#####.. #
####.ß.≈.ß.##.##.##.....
#..#...≈...##.##.##.....


There were no monsters in sight!

Vanquished Creatures
  the Royal Jelly (Slime:5)
  3 dread liches (Zot:5)
  5 ancient liches (Zot:5)
  4 orbs of fire
  Mara (Spider:4)
  A juggernaut (Depths:3)
  Josephina (Zot:1)
  Xtahua (Depths:4)
  A curse toe (Zot:3)
  5 Killer Klowns
  Saint Roka (Depths:1)
  13 golden dragons
  A juggernaut (shapeshifter) (Zot:1)
  Nikola (Elf:1)
  Norris (Depths:1)
  3 electric golems
  Rupert (D:13)
  An iron giant (shapeshifter) (Zot:1)
  An Ice Fiend (Zot:5)
  Jorgrun (D:12)
  21 Orb Guardians
  Zenata (Vaults:1)
  A walking earthen tome (Depths:3)
  2 deep elf master archers (Elf:3)
  15 tentacled monstrosities
  4 quicksilver dragons
  4 liches
  2 titans
  2 acid blobs (shapeshifter) (Zot:1)
  2 deep elf blademasters (Elf:3)
  A kraken (Shoals:4)
  Polyphemus (Shoals:2)
  An ancient champion (Depths:2)
  11 death cobs
  15 acid blobs
  A shard shrike (shapeshifter) (Zot:1)
  9 storm dragons
  8 shadow dragons
  Agnes (D:14)
  Kirke (Shoals:1)
  6 fire giants
  Aizul (Spider:3)
  Ilsuiw (Shoals:2)
  2 tengu reavers
  13 rockslimes
  5 draconian monks
  4 imperial myrmidons (Desolation)
  9 protean progenitors
  10 frost giants
  5 draconian scorchers
  11 azure jellies
  3 draconian knights
  Louise (Shoals:4)
  2 emperor scorpions
  14 vault wardens
  An iron dragon (Depths:3)
  4 draconian shifters
  5 draconian stormcallers
  A reaper (Gauntlet)
  5 ghost moths
  4 deep elf elementalists (Elf:3)
  7 draconian annihilators
  12 stone giants
  2 broodmothers
  5 ironbound thunderhulks
  13 very ugly things
  17 quicksilver oozes
  11 formless jellyfish
  16 ironbound preservers
  4 vampire knights
  14 black draconians
  11 deep elf annihilators
  3 green draconians
  5 deep elf demonologists
  A bunyip (Zot:1)
  The ghost of sleeves the Black Belt, a journeyman TeSh of Cheibriados (Lair:5)
  A minotaur (Gauntlet)
  10 spark wasps
  6 deep elf death magi
  29 purple draconians
  13 dire elephants
  15 red draconians
  10 white draconians
  8 merfolk javelineers
  8 yellow draconians
  An eidolon (Depths:2)
  6 crystal guardians
  6 statues (WizLab)
  3 jiangshi (Depths:1)
  12 fire dragons
  5 ettins
  9 merfolk impalers
  Fannar (Orc:1)
  11 yaktaur captains
  2 deep elf high priests
  9 ragged hierophants (Desolation)
  An entropy weaver (Spider:1)
  12 great orbs of eyes
  10 peacekeepers
  3 rakshasas
  10 vault guards
  4 hydras
  6 servants of whispers (Desolation)
  A hell beast (Zot:3)
  4 spriggan air magi
  2 ghost crabs (Spider:4)
  9 ironbound frosthearts
  An alligator snapping turtle (Shoals:4)
  3 ogre magi
  14 ice dragons
  7 merfolk aquamancers
  14 two-headed ogres
  8 centaur warriors
  4 merfolk avatars
  3 catoblepae
  9 death yaks
  A death scarab (Gauntlet)
  2 satyrs
  7 boulder beetles
  7 deep troll shamans
  13 dancing weapons
  2 vampire magi
  A hell hog (Depths:2)
  3 tengu warriors
  6 deep troll earth magi
  An orc high priest (Depths:1)
  2 spriggan berserkers (Depths:4)
  12 demonic crawlers
  2 occultists (Depths:2)
  13 hell knights (Depths:4)
  9 skysharks
  11 deep elf knights
  Sonja (D:12)
  4 iron trolls
  2 spriggans (Depths:4)
  8 pharaoh ants
  9 sea snakes
  Lodul (D:12)
  3 flayed ghosts
  A cherub (D:1)
  8 orb spiders
  61 deep trolls
  3 arcanists (Vaults:3)
  A spectral hydra (Gauntlet)
  7 deep elf archers
  A mana viper (shapeshifter) (Vaults:1)
  4 glowing orange brains
  A sun moth (Spider:4)
  A goliath frog (shapeshifter) (Zot:1)
  4 large abominations (Depths:1)
  17 harpies
  6 lindwurms
  21 ironbound convokers
  6 steelbarb worms
  23 deep elf zephyrmancers
  3 orc knights
  4 cyclopes
  3 orc sorcerers
  7 necromancers
  29 wolf spiders
  21 deep elf pyromancers
  5 shining eyes
  A stone giant zombie (Depths:1)
  19 ugly things
  30 moths of wrath
  3 oklob plants (Lair:5)
  13 manticores
  8 fauns
  A meliai (shapeshifter) (Elf:2)
  8 elephants
  14 merfolk sirens
  A worldbinder (Gauntlet)
  3 kobold blastminers
  2 guardian serpents (Desolation)
  A stone giant skeleton (Depths:1)
  6 black mambas
  A torpor snail (shapeshifter) (Vaults:1)
  3 eyes of devastation
  18 vault sentinels
  A storm dragon simulacrum (Zot:1)
  12 cane toads
  A gargoyle (D:13)
  9 water nymphs
  A yaktaur zombie (Vaults:1)
  5 torpor snails
  An efreet (D:1)
  A kobold demonologist (D:13)
  4 unseen horrors
  2 freezing wraiths
  A rime drake (D:8)
  9 komodo dragons
  A yaktaur (shapeshifter) (D:13)
  31 yaktaurs
  16 tengu conjurers
  A golden dragon simulacrum (Zot:1)
  2 hellwings (Gauntlet)
  3 polar bears
  A queen bee (D:10)
  14 trolls
  58 merfolk
  2 spriggan skeletons (Depths:1)
  A tarantella (shapeshifter) (D:15)
  A tengu simulacrum (Depths:1)
  8 hornets
  5 tyrant leeches
  3 glass eyes
  45 saltlings (Desolation)
  6 wind drakes
  5 blink frogs (Lair:3)
  4 snapping turtles
  25 tarantellas
  8 dream sheep
  28 jumping spiders
  102 slime creatures
  17 culicivoras
  4 wraiths
  A shadow (D:12)
  3 air elementals
  10 water elementals
  2 vampires
  63 yaks
  6 basilisks
  A human (D:13)
  A fire elemental (Elf:1)
  A wyvern (Lair:1)
  A golden eye (Slime:5)
  6 hogs (Shoals:1)
  3 wargs
  62 redbacks
  A steam dragon (D:9)
  9 vampire mosquitoes
  A swamp worm (D:7)
  A swamp worm (shapeshifter) (Depths:3)
  An acid dragon (D:10)
  17 water moccasins
  A glowing shapeshifter zombie (Depths:1)
  A glowing shapeshifter skeleton (Depths:1)
  2 moth of wrath simulacra (Zot:1)
  15 orc warriors
  3 black bears
  6 ice beasts
  4 laughing skulls
  3 sky beasts
  29 ogres
  A boggart (Gauntlet)
  13 wolves
  16 centaurs
  An elf simulacrum (Vaults:1)
  A phantom (D:5)
  2 elf zombies
  3 kobold brigands
  A weeping skull (Ossuary)
  12 bullfrogs
  2 gnoll sergeants
  8 small abominations (Depths:1)
  2 elf skeletons (D:7)
  An ogre simulacrum (Vaults:1)
  4 scorpions
  5 wights
  A hornet simulacrum (D:14)
  18 killer bees
  An electric eel (Spider:4)
  6 howler monkeys
  5 human zombies
  A centaur zombie (Ossuary)
  4 hounds
  8 orc priests
  5 bombardier beetles
  A gnoll bouda (D:8)
  3 iguanas
  Terence (D:3)
  15 orc wizards
  A sleepcap (D:6)
  3 human skeletons (D:7)
  A crocodile zombie (Ossuary)
  A hound zombie (Ossuary)
  3 mummies (Ossuary)
  8 gnolls
  10 adders
  3 adder zombies (Ossuary)
  2 dart slugs
  2 ribbon worms
  71 orcs
  5 ball pythons
  4 bats
  9 endoplasms
  3 giant cockroaches
  8 goblins
  8 hobgoblins
  6 jackals
  A kobold (shapeshifter) (Elf:2)
  2 quokkas
  6 ball python zombies (Ossuary)
  6 frilled lizards
  4 gnoll zombies (Ossuary)
  3 jackal zombies (Ossuary)
  6 kobolds
  7 kobold zombies (Ossuary)
  2 orc skeletons (D:7)
  2 orc zombies
  7 rats
  8 aspiring fleshes
  2 tentacles (Shoals:4)
2195 creatures vanquished.

Vanquished Creatures (collateral kills)
  A ghost moth (Spider:4)
  An imperial myrmidon (Desolation)
  A black draconian (Zot:2)
  A white draconian (Zot:1)
  A boulder beetle (Zot:2)
  A manticore (D:12)
  A culicivora (Spider:4)
  A kobold brigand (D:13)
  2 kobolds (D:13)
10 creatures vanquished.

Vanquished Creatures (others)
  An ancient lich (Zot:5)
  A ghost moth simulacrum (Zot:1)
  18 fire vortices
  6 tentacles (Shoals:4)
26 creatures vanquished.

Grand Total: 2231 creatures vanquished

Notes
Turn   | Place    | Note
-------+----------+-------------------------------------------
     0 | D:1      | gimp the Deep Elf Air Elementalist began the quest for the
                  | Orb.
     0 | D:1      | Reached XP level 1. HP: 10/10 MP: 6/6
   261 | D:1      | Reached XP level 2. HP: 14/15 MP: 1/8
  1357 | D:2      | Reached XP level 3. HP: 13/19 MP: 5/10
  1488 | D:2      | Reached skill level 4 in Spellcasting
  1570 | D:2      | Learned a level 2 spell: Static Discharge
  1721 | D:2      | Found Evazik's General Store.
  1756 | D:2      | Bought a scroll of identify for 24 gold pieces
  1841 | D:2      | Found a runed translucent door.
  1842 | D:2      | Noticed Crazy Yiuf
  1938 | D:2      | Noticed Sigmund
  2040 | D:3      | Reached XP level 4. HP: 6/24 MP: 6/12
  2196 | D:3      | Noticed Terence
  2236 | D:3      | Killed Terence
  2237 | D:3      | Reached skill level 5 in Spellcasting
  2259 | D:3      | Reached XP level 5. HP: 28/28 MP: 4/14
  2523 | D:3      | Reached skill level 5 in Air Magic
  3056 | D:4      | Found a bloodstained altar of Trog.
  3189 | D:4      | Found Nilifalu's Antique Weapon Shop.
  3280 | D:4      | Reached XP level 6. HP: 32/32 MP: 14/16
  3305 | D:4      | Learned a level 4 spell: Airstrike
  3336 | D:4      | Found Qeefaehauxt's General Store.
  3346 | D:4      | Reached skill level 6 in Spellcasting
  3604 | D:4      | Found a blossoming altar of Fedhas.
  3661 | D:4      | Reached skill level 7 in Spellcasting
  3661 | D:4      | Reached XP level 7. HP: 26/36 MP: 11/19
  3827 | D:4      | Found Vuraewkiwi's Assorted Antiques.
  3988 | D:4      | Found an opulent altar of Gozag.
  4000 | D:4      | Found Bifrepp's Armour Emporium.
  4106 | D:5      | Entered Level 5 of the Dungeon
  4342 | D:5      | Found a sparkling altar of Nemelex Xobeh.
  4403 | D:5      | Found a radiant altar of Vehumet.
  4415 | D:5      | Became a worshipper of Vehumet
  4518 | D:5      | Reached skill level 8 in Spellcasting
  4695 | D:5      | Identified the +0 dagger of Decaying Valour {flame, rElec
                  | rCorr}
  4943 | D:5      | Reached XP level 8. HP: 16/41 MP: 8/22
  5230 | D:6      | Reached skill level 9 in Spellcasting
  5640 | D:6      | Found Pumegg's General Store.
  5776 | D:6      | Reached skill level 10 in Spellcasting
  6032 | D:6      | Got Xetioc's Collected Works on Blasting and the Blizzard
  6285 | D:7      | Found a staircase to the Ecumenical Temple.
  6286 | D:7      | Found a shimmering altar of Xom.
  6421 | D:7      | Reached * piety under Vehumet
  6421 | D:7      | Offered knowledge of Foxfire by Vehumet.
  6449 | D:7      | Found a sand-covered staircase.
  6529 | Ossuary  | Entered an ossuary
  7026 | Ossuary  | Reached skill level 11 in Spellcasting
  7057 | Ossuary  | Reached XP level 9. HP: 37/45 MP: 16/26
  7243 | D:7      | Reached ** piety under Vehumet
  7290 | D:7      | Offered knowledge of Scorch by Vehumet.
  7446 | D:7      | Found a shadowy altar of Dithmenos.
  7609 | D:7      | Reached skill level 12 in Spellcasting
  7840 | D:4      | Bought the +0 pair of boots of the Voracious Grue {rF+ rC+
                  | Str+4} for 339 gold pieces
  7990 | D:7      | Reached skill level 5 in Dodging
  8335 | D:7      | Reached skill level 10 in Air Magic
  8474 | D:8      | Noticed a two-headed ogre
  8531 | D:8      | Killed a two-headed ogre
  8531 | D:8      | Offered knowledge of Hailstorm by Vehumet.
  8532 | D:8      | Reached skill level 1 in Fighting
  8532 | D:8      | Reached skill level 13 in Spellcasting
  8532 | D:8      | Reached XP level 10. HP: 52/52 MP: 7/29
  8990 | D:8      | Reached skill level 14 in Spellcasting
  9146 | D:8      | Found a staircase to the Lair.
  9250 | D:8      | Reached *** piety under Vehumet
  9488 | D:8      | You fall into a shaft and drop 2 floors!
  9488 | D:10     | Entered Level 10 of the Dungeon
  9537 | D:10     | Found a broken altar of Ashenzari.
  9678 | D:9      | Found a snail-covered altar of Cheibriados.
 10122 | D:4      | Bought a +3 leather armour of poison resistance for 210
                  | gold pieces
 10242 | D:8      | Found a sacrificial altar of Ru.
 10398 | D:8      | Offered knowledge of Volatile Blastmotes by Vehumet.
 10399 | D:8      | Reached skill level 15 in Spellcasting
 10648 | D:8      | Learned a level 3 spell: Stone Arrow
 11004 | D:9      | Found a stormy altar of Qazlal.
 11129 | D:9      | Reached skill level 1 in Earth Magic
 11243 | D:9      | Learned a level 5 spell: Irradiate
 11364 | D:9      | Found a staircase to the Orcish Mines.
 11549 | D:10     | Found a hazy altar of Hepliaklqana.
 11571 | D:10     | Reached skill level 1 in Alchemy
 11842 | D:10     | Noticed a manticore
 11847 | D:10     | Killed a manticore
 11848 | D:10     | Reached XP level 11. HP: 35/60 MP: 16/32
 12355 | D:10     | Reached **** piety under Vehumet
 12363 | D:10     | Offered knowledge of Sticky Flame by Vehumet.
 12839 | D:11     | Noticed a brown ugly thing
 12840 | D:11     | Reached skill level 16 in Spellcasting
 13171 | D:11     | Found a radiant altar of Vehumet.
 13384 | D:11     | Killed a brown ugly thing
 13529 | D:11     | Noticed a two-headed ogre
 13533 | D:11     | Killed a two-headed ogre
 13534 | D:11     | Reached skill level 5 in Earth Magic
 13659 | Lair:1   | Entered Level 1 of the Lair of Beasts
 13666 | Lair:1   | Reached skill level 5 in Alchemy
 13891 | Lair:1   | Reached ***** piety under Vehumet
 13891 | Lair:1   | Offered knowledge of Iskenderun's Mystic Blast by Vehumet.
 13893 | Lair:1   | Reached skill level 17 in Spellcasting
 14246 | Lair:1   | Reached XP level 12. HP: 64/64 MP: 26/35
 15350 | Lair:2   | Found a hole to the Spider Nest.
 15356 | Lair:2   | Reached skill level 18 in Spellcasting
 15610 | Lair:2   | Noticed a death yak
 15620 | Lair:2   | Killed a death yak
 15846 | Lair:2   | Reached skill level 19 in Spellcasting
 16252 | Lair:2   | Found a staircase to the Shoals.
 16705 | Lair:2   | Reached skill level 20 in Spellcasting
 16878 | Lair:2   | Identified the +7 leather armour of the Endless Thickets
                  | {rPois rF+ rC+ Str+3}
 17316 | Lair:3   | Identified the +0 robe of Wonder {Int+2}
 17538 | Lair:3   | Noticed a death yak
 17539 | Lair:3   | Noticed a death yak
 17539 | Lair:3   | Noticed a death yak
 17539 | Lair:3   | Noticed a death yak
 17560 | Lair:3   | Noticed a death yak
 17868 | Lair:3   | Killed a death yak
 17869 | Lair:3   | Reached XP level 13. HP: 70/70 MP: 30/39
 17919 | Lair:3   | Identified the amulet of Fuxt {RegenMP +Inv rN+++ Str-3
                  | Dex-4}
 18166 | Lair:3   | Reached skill level 10 in Dodging
 18368 | Lair:3   | Reached skill level 5 in Fighting
 18383 | Lair:3   | Offered knowledge of Fireball by Vehumet.
 18395 | Lair:3   | Learned a level 5 spell: Fireball
 18420 | Lair:3   | Found the +8 whip "Snakebite" {venom, curare, rPois}
 18727 | Lair:4   | Reached skill level 1 in Fire Magic
 19436 | Lair:5   | Entered Level 5 of the Lair of Beasts
 19475 | Lair:5   | Identified the +0 leather armour of the Skies Above {rN++
                  | Regen+ Str-5 Dex-5}
 19614 | Lair:5   | Reached skill level 5 in Conjurations
 19715 | Lair:5   | Reached skill level 21 in Spellcasting
 19791 | Lair:5   | Found an ornate altar of the Wu Jian Council.
 19853 | Lair:5   | Found a snail-covered altar of Cheibriados.
 19897 | Lair:5   | Found a runed translucent door.
 19946 | Lair:5   | Noticed a dire elephant
 19946 | Lair:5   | Noticed a dire elephant
 19946 | Lair:5   | Noticed a dire elephant
 20269 | Lair:5   | Reached skill level 5 in Fire Magic
 20389 | Lair:5   | Found a staircase to the Slime Pits.
 20577 | Lair:5   | Reached XP level 14. HP: 72/78 MP: 13/41
 20623 | Lair:5   | Noticed sleeves's ghost (journeyman TeSh)
 20632 | Lair:5   | Killed sleeves's ghost
 21011 | Orc:1    | Entered Level 1 of the Orcish Mines
 21299 | Orc:1    | Noticed Fannar
 21307 | Orc:1    | Killed Fannar
 21721 | Orc:2    | Entered Level 2 of the Orcish Mines
 21736 | Orc:2    | Found a staircase to the Elven Halls.
 21776 | Orc:2    | Offered knowledge of Spellforged Servitor by Vehumet.
 21828 | Orc:2    | Found Dorchuax's Antique Weapon Boutique.
 22618 | Orc:2    | Found Iclil's Assorted Antiques.
 22623 | Orc:2    | Found Ytoed's Antique Weapon Shoppe.
 22682 | Orc:2    | Found Gumurgh's General Store.
 22690 | Orc:2    | Bought a potion of heal wounds for 70 gold pieces
 22690 | Orc:2    | Bought a scroll of teleportation for 42 gold pieces
 23442 | D:12     | Noticed Sonja
 23445 | D:12     | Killed Sonja
 23835 | D:12     | Noticed Lodul
 23838 | D:12     | Killed Lodul
 24221 | D:12     | Noticed Jorgrun
 24231 | D:12     | Killed Jorgrun
 24372 | D:12     | Found an opulent altar of Gozag.
 24698 | D:13     | Noticed Rupert
 24710 | D:13     | Killed Rupert
 24711 | D:13     | Reached skill level 10 in Conjurations
 24732 | D:13     | Offered knowledge of Eringya's Noxious Bog by Vehumet.
 24891 | D:13     | Found a portal to a secret trove of treasure.
 24913 | D:13     | Reached XP level 15. HP: 82/82 MP: 33/42
 25069 | D:13     | Reached skill level 22 in Spellcasting
 25219 | D:13     | Learned a level 6 spell: Plasma Beam
 25229 | D:13     | Learned a level 2 spell: Blink
 25262 | D:13     | Reached skill level 10 in Fire Magic
 25558 | D:13     | Found a gate to the Vaults.
 25768 | D:14     | Identified the +7 long sword "Jiesays" {flame, rCorr Str+4
                  | Int+4 Dex-5}
 25795 | D:14     | Noticed Agnes
 25800 | D:14     | Killed Agnes
 26001 | D:14     | Identified the +0 leather armour "Tayrisya" {Dex+3}
 26751 | D:15     | Entered Level 15 of the Dungeon
 26751 | D:15     | Found a gate leading to a gauntlet.
 26755 | Gauntlet | Entered a Gauntlet
 26755 | Gauntlet | Found a transporter.
 26765 | Gauntlet | Found a transporter.
 26776 | Gauntlet | Found a transporter.
 26779 | Gauntlet | Found a transporter.
 26788 | Gauntlet | Found a transporter.
 26804 | Gauntlet | Found a transporter.
 26814 | Gauntlet | Found a transporter.
 26824 | Gauntlet | Found a transporter.
 26838 | Gauntlet | Found a transporter.
 26847 | Gauntlet | Found a transporter.
 26849 | Gauntlet | Found a transporter.
 26863 | Gauntlet | Found a transporter.
 26973 | Gauntlet | Found a transporter.
 27098 | Gauntlet | Identified the +2 cloak "Noguihoe" {^Contam *Slow rPois
                  | Stlth+}
 27104 | Gauntlet | Identified the +10 sling of Mens Rea {freeze, Int+3}
 28178 | D:15     | Found a staircase to the Depths.
 28499 | Spider:1 | Entered Level 1 of the Spider Nest
 28513 | Spider:1 | Identified the ring of Dithmenos's Delight {Fly Str+6
                  | Int+8}
 28572 | Spider:1 | Found a transporter.
 28579 | Spider:1 | Identified the ring of Eshyub {rPois rCorr Str+4 Dex-3
                  | Slay+3}
 28579 | Spider:1 | Noticed sleeves's ghost (journeyman AtSh)
 28582 | Spider:1 | Noticed an emperor scorpion
 28597 | Spider:1 | Reached skill level 1 in Shields
 28637 | Spider:1 | Identified the +6 war axe of Ikhowk Hopt {antimagic, rElec
                  | Dex+4}
 29028 | Spider:1 | Offered knowledge of Arcjolt by Vehumet.
 29301 | Spider:1 | Found a transporter.
 29971 | Spider:2 | Reached XP level 16. HP: 62/87 MP: 16/44
 30273 | Spider:2 | Identified the +4 robe of Gusuyh {rPois Stlth+ Archmagi}
 30382 | Spider:2 | Reached ****** piety under Vehumet
 31453 | Spider:3 | Identified the serpent talisman of Daog {+Blink rF+ Str+3}
 31453 | Spider:3 | Noticed Aizul
 31461 | Spider:3 | Killed Aizul
 31585 | Spider:3 | Learned a level 7 spell: Orb of Destruction
 31601 | Spider:3 | Learned a level 8 spell: Ignition
 31905 | Spider:4 | Entered Level 4 of the Spider Nest
 31914 | Spider:4 | Reached skill level 23 in Spellcasting
 32035 | Spider:4 | Noticed Mara
 32039 | Spider:4 | Killed Mara
 32042 | Spider:4 | Offered knowledge of Conjure Ball Lightning by Vehumet.
 32051 | Spider:4 | Reached skill level 5 in Shields
 32928 | Spider:4 | Reached XP level 17. HP: 92/92 MP: 37/46
 32972 | Spider:4 | Offered knowledge of Maxwell's Capacitive Coupling by
                  | Vehumet.
 32987 | Spider:4 | Learned a level 8 spell: Maxwell's Capacitive Coupling
 33526 | Spider:4 | Identified the +0 pair of boots of Zichim {rF+ Regen+ Str+5
                  | Slay-6}
 33546 | Spider:4 | Got a gossamer rune of Zot
 33732 | Shoals:1 | Entered Level 1 of the Shoals
 33732 | Shoals:1 | Noticed Kirke
 33737 | Shoals:1 | Killed Kirke
 33855 | Shoals:1 | Found Jyesm's Distillery.
 33863 | Shoals:1 | Bought a potion of haste for 170 gold pieces
 33863 | Shoals:1 | Bought a potion of heal wounds for 85 gold pieces
 33863 | Shoals:1 | Bought a potion of curing for 51 gold pieces
 33863 | Shoals:1 | Bought a potion of haste for 170 gold pieces
 33915 | Shoals:1 | Found Boadoguoq's Antique Armour Shop.
 34198 | Shoals:1 | Found Cuesh's Assorted Antiques.
 34289 | Shoals:1 | Found Pobion's Weapon Shop.
 34691 | Shoals:1 | Identified the +1 animal skin of Ohol Lici {Will+}
 34730 | Shoals:2 | Reached skill level 15 in Fire Magic
 34733 | Shoals:2 | Noticed Ilsuiw
 34799 | Shoals:2 | Reached skill level 24 in Spellcasting
 35019 | Shoals:2 | Noticed Polyphemus
 35331 | Shoals:2 | Offered knowledge of Fire Storm by Vehumet.
 35331 | Shoals:2 | Offered knowledge of Shatter by Vehumet.
 35331 | Shoals:2 | Offered knowledge of Chain Lightning by Vehumet.
 35337 | Shoals:2 | Killed Ilsuiw
 35419 | Shoals:2 | Found Lyafilud's Merfolk Magic.
 35419 | Shoals:2 | Found Lyafilud's Visitors' Centre.
 35424 | Shoals:2 | Found Lyafilud's Merfolk Weapons.
 35424 | Shoals:2 | Found Lyafilud's Merfolk Armours.
 35649 | Shoals:2 | Identified the blade talisman of Hubris {rC+ Will+ Dex+4}
 36093 | Shoals:2 | Killed Polyphemus
 36393 | Shoals:3 | Identified the +1 scale mail of Wu Jian's Generosity
                  | {+Blink rC- rN++ Regen+}
 36527 | Shoals:3 | Reached XP level 18. HP: 96/96 MP: 42/48
 37031 | Shoals:4 | Entered Level 4 of the Shoals
 37076 | Shoals:4 | Identified the +3 chain mail "Pokabis" {Dex+5}
 37320 | Shoals:4 | Noticed Louise
 37669 | Shoals:4 | Killed Louise
 37945 | Shoals:4 | Identified the +8 great mace of Doom {chaos, rN+ Int+2
                  | Dex+3}
 38150 | Shoals:4 | Got a barnacled rune of Zot
 38382 | Shoals:4 | Found the +8 trishula "Condemnation" {holy, anguish, *Noise
                  | Fly rN+}
 38660 | Vaults:1 | Entered Level 1 of the Vaults
 39006 | Vaults:1 | Noticed Zenata
 39011 | Vaults:1 | Killed Zenata
 39132 | Vaults:1 | Reached skill level 15 in Air Magic
 39220 | Vaults:1 | Identified the +5 spear "Tounam" {speed, ^Fragile +Blink
                  | rC+++ Will+}
 39341 | Vaults:1 | Identified the +5 ring mail of Ravioli {Will+}
 39429 | Vaults:1 | Reached XP level 19. HP: 108/108 MP: 46/49
 39614 | Vaults:1 | Learned a level 6 spell: Bombard
 40843 | Vaults:2 | Identified the +0 pair of boots of the Twenty Moons
                  | {*Corrode Will+++ Int+5 Dex-5}
 41221 | Vaults:2 | Found a staircase to the Crypt.
 41917 | Vaults:3 | Reached skill level 10 in Shields
 43081 | Vaults:3 | Reached XP level 20. HP: 102/115 MP: 44/50
 43263 | Vaults:4 | Found a crumbling gateway.
 43273 | Vaults:4 | Identified the +1 scale mail of the Doldrums {rPois rC+
                  | rCorr}
 43279 | Desolati | Entered the Desolation of Salt
 43325 | Desolati | Identified the ring of Onitair {Fire ^Contam rN+ Will+
                  | rCorr}
 43673 | Desolati | Identified the +2 spear of the Insatiable Xenops {freeze,
                  | SInv}
 43744 | Desolati | Identified the amulet "Myommy" {Acrobat rCorr Dex+3}
 43847 | Desolati | Identified the +8 great sword of True Grit {speed, +Blink
                  | Dex+3}
 43906 | Desolati | Identified the +2 robe of Chimes {rElec rF- Str+4 Slay+6}
 43908 | Desolati | Identified the +0 scale mail of Tempters {Int+4}
 44068 | Desolati | Identified the ring "Zuemm" {Fire Dex+2 Slay+2 Stlth+}
 44404 | Desolati | Identified the +1 leather armour "Rurrom" {Fly rPois rC+}
 44412 | Desolati | Identified the maw talisman of Imebb {Will+ Str+3}
 45696 | D:2      | Bought a +0 helmet of intelligence for 138 gold pieces
 45752 | D:4      | Bought the +7 sceptre of Torment {pain, torment} for 2640
                  | gold pieces
 45752 | D:4      | Found the +7 sceptre of Torment {pain, torment}
 45919 | D:13     | You paid a toll of the sceptre of Torment to enter a
                  | treasure trove
 45920 | Trove    | Entered a treasure trove
 45925 | Trove    | Got the Incunabulum of Vexing Wildfire
 45959 | Trove    | Learned a level 1 spell: Apportation
 45961 | Trove    | Got the Tractate on Caskets and the Storm
 45981 | Trove    | Identified the staff of Spite {^Fragile rElec Str+4 Conj
                  | Ice}
 45986 | Trove    | Got Sif Muna's Directory of Solid Immolation
 46013 | D:13     | Learned a level 9 spell: Chain Lightning
 46111 | Elf:1    | Entered Level 1 of the Elven Halls
 46471 | Elf:1    | Found Qeon's General Store.
 46479 | Elf:1    | Bought a potion of curing for 39 gold pieces
 46479 | Elf:1    | Bought a potion of mutation for 104 gold pieces
 46491 | Elf:1    | Found Qelu Bounyal's Assorted Antiques.
 46491 | Elf:1    | Noticed Nikola
 46515 | Elf:1    | Killed Nikola
 46555 | Elf:1    | Found Iqixej's Jewellery Shop.
 46555 | Elf:1    | Found Peaddiq's Jewellery Shoppe.
 46574 | Elf:1    | Bought a scroll of fog for 132 gold pieces
 46574 | Elf:1    | Bought a pair of fine gloves for 313 gold pieces
 46574 | Elf:1    | Identified the +1 pair of gloves "Eneiggos" {Rampage rElec
                  | Regen+} (You bought it in a shop on level 1 of the Elven
                  | Halls)
 46713 | Elf:1    | Found Epaah's Antique Weapon Shop.
 46715 | Elf:1    | You are sucked into a shaft and drop 1 floor!
 46755 | Elf:2    | Reached XP level 21. HP: 120/120 MP: 42/51
 46853 | Elf:1    | Found Niohoont's Assorted Antiques.
 46857 | Elf:1    | Bought a scroll of fog for 76 gold pieces
 46857 | Elf:1    | Bought a potion of heal wounds for 95 gold pieces
 46889 | Elf:1    | Found Asoblogri's Weapon Emporium.
 47044 | Elf:1    | Found Xiskou Ebior's Antique Weapon Emporium.
 47605 | Elf:2    | Found a huge runed translucent gate.
 47605 | Elf:2    | Found a huge runed translucent gate.
 47605 | Elf:2    | Found a huge runed translucent gate.
 47605 | Elf:2    | Found a huge runed translucent gate.
 47610 | Elf:2    | Found a huge runed translucent gate.
 47854 | Elf:3    | Entered Level 3 of the Elven Halls
 47916 | Elf:3    | Found a magical portal.
 47940 | Elf:3    | Found Fysod's Magic Scroll Shop.
 47948 | Elf:3    | Bought a scroll of teleportation for 60 gold pieces
 47948 | Elf:3    | Bought a scroll of fear for 80 gold pieces
 47969 | WizLab   | Entered Iskenderun's Mystic Tower
 49016 | WizLab   | Got Iskenderun's Annotations on Striking
 49016 | WizLab   | Got Iskenderun's Secrets of the Discharge
 49377 | Elf:3    | Found a shimmering blue altar of Sif Muna.
 49785 | Elf:3    | Reached skill level 15 in Shields
 49981 | Elf:3    | Identified the +1 lajatang of Punishment {drain, rElec
                  | rPois rF+ Dex-2}
 50221 | Elf:3    | Identified the +1 ring mail of the Tired Bones {rCorr SInv}
 50222 | Elf:3    | Identified the +3 arbalest of the Median {drain, rN+ Str+3}
 50343 | Elf:3    | Bought a scroll of enchant armour for 150 gold pieces
 50343 | Elf:3    | Bought a scroll of teleportation for 60 gold pieces
 50580 | Slime:1  | Entered Level 1 of the Pits of Slime
 50780 | Slime:3  | Gained mutation: You are frail. (-10% HP) [a shining eye]
 50790 | Slime:3  | Reached XP level 22. HP: 112/112 MP: 26/52
 51007 | Slime:4  | Reached skill level 15 in Conjurations
 51084 | Slime:5  | Entered Level 5 of the Pits of Slime
 51130 | Slime:5  | Paralysed by a formless jellyfish for 1 turns
 51333 | Slime:5  | Noticed the Royal Jelly
 51343 | Slime:5  | Killed the Royal Jelly
 51485 | Slime:5  | Found the +8 Wrath of Trog {antimagic, *Rage Rampage}
 51532 | Slime:5  | Got a slimy rune of Zot
 51919 | Depths:1 | Entered Level 1 of the Depths
 51974 | Depths:1 | Found a transporter.
 51981 | Depths:1 | Found a transporter.
 52090 | Depths:1 | Found a transporter.
 52186 | Depths:1 | Found a transporter.
 52195 | Depths:1 | Found a gateway to Hell.
 52528 | Depths:1 | Found Sieng's Armour Shoppe.
 52567 | Depths:1 | Found Qeudo's General Store.
 52579 | Depths:1 | Bought a potion of ambrosia for 168 gold pieces
 52613 | Depths:1 | Noticed Saint Roka
 52622 | Depths:1 | Killed Saint Roka
 52795 | Depths:1 | Noticed Norris
 52798 | Depths:1 | Killed Norris
 52863 | Depths:1 | Found a one-way gate to the infinite horrors of the Abyss.
 53294 | Depths:2 | Identified the +11 mace of Wrath {venom, *Noise rC+ Int+3}
 53294 | Depths:2 | Identified the amulet "Nirauwub" {Reflect Harm SH+5}
 53365 | Depths:2 | Reached XP level 23. HP: 116/116 MP: 53/53
 53525 | Depths:2 | Got the Collected Works on Locality and Malignant Rituals
 53838 | Depths:2 | Found a one-way gate leading to the halls of Pandemonium.
 54038 | Depths:3 | You are sucked into a shaft and drop 1 floor!
 54038 | Depths:4 | Entered Level 4 of the Depths
 54412 | Depths:3 | Noticed a juggernaut
 54416 | Depths:3 | Killed a juggernaut
 54809 | Depths:3 | Got the Anthology of Flames
 55459 | Depths:4 | Noticed Xtahua
 55463 | Depths:4 | Killed Xtahua
 55618 | Depths:4 | Found a stormy altar of Qazlal.
 55635 | Depths:4 | Identified the +1 scale mail of Deqexes {+Inv rF+ Int+3}
 56103 | Depths:4 | Found a gate to the Realm of Zot.
 56197 | Depths:4 | Found a one-way gateway to a ziggurat.
 56754 | Zot:1    | Entered Level 1 of the Realm of Zot
 56766 | Zot:1    | Learned a level 9 spell: Fire Storm
 56905 | Zot:1    | Noticed an orb of fire
 56910 | Zot:1    | Killed an orb of fire
 57078 | Zot:1    | Reached XP level 24. HP: 121/121 MP: 36/53
 57358 | Zot:1    | Identified the ring "Qusaimes" {Ice Int-3 Dex+3}
 57358 | Zot:1    | Noticed Josephina
 57362 | Zot:1    | Killed Josephina
 57773 | Zot:1    | Noticed an orb of fire
 57776 | Zot:1    | Gained mutation: You do not regenerate when monsters are
                  | visible. [an orb of fire]
 57777 | Zot:1    | Killed an orb of fire
 58719 | Zot:2    | Noticed a Killer Klown
 58782 | Zot:2    | Killed a Killer Klown
 59023 | Zot:2    | Identified the +7 long sword "Hackekec" {elec, rN+ Dex+2}
 59592 | Zot:3    | Noticed a Killer Klown
 59818 | Zot:3    | Reached skill level 15 in Dodging
 59847 | Zot:3    | Killed a Killer Klown
 60444 | Zot:3    | Reached XP level 25. HP: 126/126 MP: 47/53
 60621 | Zot:3    | Identified the +1 ring mail "Ruwkejuo" {Harm Str+2 Stlth+}
 61004 | Zot:4    | Reached skill level 10 in Fighting
 61780 | Zot:5    | Entered Level 5 of the Realm of Zot
 62277 | Zot:5    | Noticed an ancient lich
 62281 | Zot:5    | Killed an ancient lich
 62299 | Zot:5    | Noticed a dread lich
 62303 | Zot:5    | Killed a dread lich
 62303 | Zot:5    | Noticed an ancient lich
 62310 | Zot:5    | Killed an ancient lich
 62310 | Zot:5    | Noticed an ancient lich
 62317 | Zot:5    | Noticed a Killer Klown
 62321 | Zot:5    | Killed an ancient lich
 62322 | Zot:5    | Noticed an orb of fire
 62323 | Zot:5    | Noticed a Killer Klown
 62326 | Zot:5    | Killed a Killer Klown
 62334 | Zot:5    | Killed an orb of fire
 62340 | Zot:5    | Killed a Killer Klown
 62388 | Zot:5    | Noticed an ancient lich
 62398 | Zot:5    | Killed an ancient lich
 62668 | Zot:5    | Noticed an orb of fire
 62674 | Zot:5    | Gained mutation: You sometimes lose your temper in combat.
                  | [an orb of fire]
 62676 | Zot:5    | Noticed a dread lich
 62686 | Zot:5    | Killed a dread lich
 62705 | Zot:5    | Noticed an ancient lich
 62709 | Zot:5    | Killed an ancient lich
 62753 | Zot:5    | Noticed a Killer Klown
 62759 | Zot:5    | Killed an orb of fire
 62761 | Zot:5    | Killed a Killer Klown
 62772 | Zot:5    | Noticed an ancient lich
 62776 | Zot:5    | Killed an ancient lich
 62783 | Zot:5    | Noticed a dread lich
 62787 | Zot:5    | Killed a dread lich
 62788 | Zot:5    | Reached XP level 26. HP: 130/138 MP: 29/53
 62843 | Zot:5    | Got the Orb of Zot
 63082 | D:14     | Noticed Xoiwoz the pandemonium lord
 63252 | D:1      | Noticed Paudghuro the pandemonium lord
 63279 | D:$      | Escaped with the Orb!

Illustrated notes

Levels and vault maps discovered:
D:1:      mainiacjoe_arrival_reflecting_pool, layout_loops_ring
D:2:      layout_rooms, serial_shops, nicolae_shop_tiny_glass,
          grunt_ministairs_11, minmay_misc_feat_ornament,
          minmay_indecisive_spiral, uniq_sigmund, uniq_crazy_yiuf_cottage
D:3:      layout_basic, uniq_terence
D:4:      layout_rooms, overflow_temple_1_default, fedhas_altar_decomposition,
          bloody_trog, serial_shops, shop, shop, nicolae_shop_statue_plus,
          kennysheep_mini, nicolae_figureground_pulse
D:5:      nicolae_cairo_tiling_large, layout_rooms,
          lemuel_coloured_pillars_altar, mainiacjoe_overflow_six_doors_small,
          kennysheep_small_square
D:6:      layout_cave_pools, serial_shops, shop
D:7:      layout_rooms, grunt_dithmenos_smoke_and_mirrors, xom_teletrap_fun,
          minmay_temple_entry_stoned_glass, nicolae_ossuary_entry_catacombs,
          worms_lemuel
D:8:      layout_basic, nicolae_ru_path_of_blood, hellmonk_lair_entry_icy,
          grunt_ogre_cave, st_stairs_12, minmay_joined_circles
D:9:      layout_rooms, mainiacjoe_overflow_boulevard, kennysheep_slug_shrine,
          orc_0_dummy, supply_closet_lemuel, reono_crystal_passage
D:10:     layout_irregular_city, nicolae_ashenzari_panopticon,
          nicolae_hepliaklqana_hazy_memory, nicolae_looking_at_the_future
D:11:     layout_cave_pools, vehumet_altar_wand_db
D:12:     layout_grid_maze, nicolae_gozag_cash_rules_everything_around_me,
          uniq_sonja, uniq_jorgrun, uniq_lodul
D:13:     layout_roguey, hellmonk_vaults_keyhole, nicolae_trove_entry_isolated,
          uniq_rupert
D:14:     layout_basic, minmay_misc_feat_secret_circle, uniq_agnes
D:15:     hangedman_depths_entry_try_elsewhere_first, layout_long_grid,
          gauntlet_entry_generic, minmay_tree_intersection,
          minmay_stone_trees_medium
Lair:1:   layout_chaotic_city
Lair:2:   layout_chaotic_city, mainiacjoe_shoals_entry_four_pools,
          nicolae_spider_entry_tight_spaces, beast_lair_carwin_3,
          infiniplex_staircase_pool, grunt_megastairs_5
Lair:3:   minmay_guarded_unrand_snakebite, layout_cave_pods
Lair:4:   layout_cave_shapes
Lair:5:   due_jungle_book, layout_layer_cave, minmay_slime_entry_oklob_enclosed,
          basic_altar, ebering_ghost_reflecting_pool, fungi_pond_lemuel,
          minmay_hedge_maze, lemuel_oklob_altar, infiniplex_staircase_pool_2
Shoals:1: argonaut_golden_fleece, layout_shoals, serial_shops,
          nicolae_shop_trees, nicolae_diamond_shop, shop,
          nicolae_shop_advertising_works [nicolae_subvault_shop_adworks],
          nicolae_shoals_wave_tunnel, uniq_kirke
Shoals:2: nicolae_shoals_mermall, layout_shoals, st_sunken_temple,
          uniq_polyphemus, uniq_ilsuiw
Shoals:3: layout_shoals, nicolae_shoals_former_cling_halls
Shoals:4: shoals_end_hangedman, layout_shoals, uniq_louise
Spider:1: layout_chambers, gammafunk_ghost_arena, nicolae_spider_circle_web
Spider:2: mumra_spider_spiderweb
Spider:3: layout_spider_delve, uniq_aizul
Spider:4: spider_rune_water, nicolae_spider_swamp_cousins, uniq_mara
Slime:1:  layout_caves
Slime:2:  layout_caves
Slime:3:  layout_caves
Slime:4:  layout_caves, cheibrodos_slime_lost_civilization_4
Slime:5:  slime_pit_nicolae_royal_road_to_ruin
Orc:1:    cheibrodos_orc_bank, layout_caves, uniq_fannar
Orc:2:    st_orc_open, layout_caves, lightli_orcish_oven
Elf:1:    minmay_elf_arrival_plus, layout_geoelf_diagonals, serial_shops,
          nicolae_shop_getting_attention, shop, nicolae_shop_behind_doors, shop,
          nicolae_diamond_shop, minmay_elf_crystal_heptagon,
          nicolae_wooded_promenade, minivault_24, nicolae_zig_zag_zippers,
          uniq_nikola
Elf:2:    elven_hall_of_blades_hangedman_alternative [grunt_blade_entry_basic],
          layout_geoelf_grid
Elf:3:    elf_hall, layout_loops_corners, basic_altar,
          infiniplex_enter_wizlab_glasses, minmay_shop_star
Vaults:1: v_misc_26, nicolae_vaults_double_plus_1, nicolae_vaults_circle_grid_a,
          nicolae_vaults_house_2, nicolae_vaults_tangram_2, v_misc_23,
          nicolae_vaults_shelves_hall, nicolae_vaults_storing_the_good_stuff,
          ontoclasm_vaults_loading_screen, nicolae_vaults_mini_display_case,
          vaults_room_grid, hangedman_vaults_cutoff, vaults_room_stairs_pillars,
          nicolae_vaults_wine_cellar, layout_vaults_omnicross, uniq_zenata
Vaults:2: nicolae_vaults_network_quincunx
          [nicolae_vaults_network_quincunx_subvault,
          nicolae_vaults_network_quincunx_subvault,
          nicolae_vaults_network_quincunx_subvault,
          nicolae_vaults_network_quincunx_subvault,
          nicolae_vaults_network_quincunx_subvault], nicolae_vaults_apartment_2,
          v_pattern_1, vaults_room_grunt_arrival_ludios, layout_vaults_omnigrid
Vaults:3: vaults_room_large_hall, v_misc_17, nicolae_vaults_closet_pinwheel_6,
          nicolae_vaults_mitosis, v_misc_30, vaults_mumra_minichess_inversion,
          nicolae_vaults_double_plus_1, ontoclasm_vaults_ring_square, v_misc_27,
          ontoclasm_vaults_spin, nicolae_vaults_offset_grid_hallway_4,
          layout_vaults_big_room
Vaults:4: portal_desolation_entry_garden, hangedman_vaults_restitches,
          hangedman_vaults_variations, serial_ice_g, vaults_mumra_minichess,
          ontoclasm_vaults_chip, vaults_dpeg_ring, nicolae_vaults_sightless_eye,
          nicolae_vaults_closet_pinwheel_4, vaults_dpeg_diagonal,
          nicolae_vaults_tangram_2, ontoclasm_vaults_twist, layout_vaults_maze
Depths:1: layout_basic, minmay_room_of_horrors, hell_entry,
          hangedman_decor_peaks_small, grunt_ministairs_14,
          nicolae_transporter_intersection, minmay_shoptagon, uniq_saint_roka,
          uniq_norris
Depths:2: minmay_strange_plus, layout_small_grid, minmay_misc_feat_hallway,
          pan_entry, grunt_mini_vestibule
Depths:3: minmay_connected_boxes_in_corner, layout_gridlike, abyss_entry,
          hell_entry, kennysheep_flooded_box, kennysheep_random_hallway,
          infiniplex_staircase_9_rooms
Depths:4: evilmike_zot_entry_diamond, layout_basic, enter_ziggurat_a,
          hell_entry, nicolae_concentric_dashed_squares_mild,
          grunt_qazlal_clouds, serial_bayou_shore_b, uniq_xtahua
Zot:1:    layout_cathedral_of_symmetry, regret_index_zotdec_plus,
          hellmonk_formless_pools, uniq_josephina
Zot:2:    layout_twisted_circle, regret_index_zotdec_twisting_globes,
          grunt_megastairs_2
Zot:3:    layout_onion_interference, regret_index_zotdec_gossamer_gf,
          grunt_ministairs_10
Zot:4:    kennysheep_ambush_hall, layout_gridlike
Zot:5:    layout_basic, grunt_ministairs_7

Skill      XL: |  1  2  3  4  5  6  7  8  9 10 11 12 13 14 15 16 17 18 19 20 21 22 23 24 25 26 |
---------------+-------------------------------------------------------------------------------+-----
Spellcasting   | 4 5 7 8 11 13 15 17 20 21 22 23 24 | 24.0
Air Magic      | 4 5 6 7 9 10 11 13 15 17 18 19 20 21 22 | 22.0
Conjurations   | 2 3 6 10 12 13 14 16 19 22 | 22.0
Dodging        | 3 6 8 9 11 16 20 | 20.2
Fighting       | 1 3 5 8 9 12 13 | 13.0
Earth Magic    | 2 6 |  6.0
Alchemy        | 1 6 8 |  8.0
Fire Magic     | 5 9 12 13 16 18 | 18.0
Shields        | 2 5 8 11 13 15 17 18 | 18.0
Stealth        | |  2.4

Action                     |  1- 3 |  4- 6 |  7- 9 | 10-12 | 13-15 | 16-18 | 19-21 | 22-24 | 25-27 || total
---------------------------+-------+-------+-------+-------+-------+-------+-------+-------+-------++-------
  Melee: Dagger            |       |     2 |    25 |    22 |    28 |       |       |       |       ||    77
         Staff             |       |       |       |       |     1 |       |     1 |     7 |     2 ||    11
   Cast: Shock             |    82 |    83 |   224 |    82 |       |       |       |       |       ||   471
         Static Discharge  |     2 |    11 |    52 |    30 |     5 |       |       |       |       ||   100
         Airstrike         |       |       |    52 |    56 |       |       |       |       |       ||   108
         Stone Arrow       |       |       |       |   277 |   424 |    43 |    63 |       |       ||   807
         Irradiate         |       |       |       |    26 |    50 |    12 |    22 |    11 |     8 ||   129
         Fireball          |       |       |       |       |   112 |    42 |     9 |     5 |       ||   168
         Plasma Beam       |       |       |       |       |    90 |   424 |   377 |   208 |    59 ||  1158
         Ignition          |       |       |       |       |       |    47 |    66 |    62 |     4 ||   179
         Orb of Destructio |       |       |       |       |       |     4 |    24 |     3 |       ||    31
         Maxwell's Capacit |       |       |       |       |       |     2 |     3 |    50 |    36 ||    91
         Bombard           |       |       |       |       |       |       |    39 |   261 |    63 ||   363
         Chain Lightning   |       |       |       |       |       |       |       |     6 |     1 ||     7
         Apportation       |       |       |       |       |       |       |       |     1 |       ||     1
         Fire Storm        |       |       |       |       |       |       |       |    12 |     8 ||    20
  Evoke: Box of beasts     |       |       |       |       |     1 |     1 |     2 |       |       ||     4
         Wand              |       |       |       |       |     1 |     5 |     1 |     4 |       ||    11
    Use: Potion            |     2 |       |       |     1 |     1 |     1 |     1 |     2 |     4 ||    12
         Scroll            |       |     5 |     4 |     7 |    15 |    10 |    12 |    11 |     8 ||    72
   Stab: Sleeping          |       |       |     1 |       |       |       |       |       |       ||     1
 Armour: Robe              |    30 |    21 |   129 |    43 |       |       |       |       |       ||   223
         Leather armour    |       |       |       |   135 |   203 |    88 |   120 |   139 |    53 ||   738
  Dodge: Dodged            |    25 |     6 |    65 |   199 |   178 |    56 |    57 |    55 |    37 ||   678
  Block: Buckler           |       |       |       |       |    12 |    13 |     2 |       |       ||    27
         Kite shield       |       |       |       |       |       |       |    54 |    52 |    48 ||   154

Table legend: (Time is in decaauts)
 A = Elapsed time spent in this place.
 B = Non-inter-level travel time spent in this place.
 C = Inter-level travel time spent in this place.
 D = Time resting spent in this place.
 E = Time spent auto-exploring this place.
 F = Levels seen in this place.
 G = Mean time per level.
                   A        B        C        D        E       F      G
               +--------+--------+--------+--------+--------+-----+--------+
         Total |  63375 |  58731 |   4644 |   1929 |  47040 |  56 | 1131.7 |
       Dungeon |  18864 |  16864 |   2000 |    561 |  13910 |  15 | 1257.6 |
          Lair |   7785 |   7149 |    636 |     96 |   6092 |   5 | 1557.0 |
        Shoals |   4708 |   4377 |    331 |    144 |   3601 |   4 | 1177.0 |
   Spider Nest |   5182 |   4983 |    199 |      0 |   4200 |   4 | 1295.5 |
    Slime Pits |   1030 |    915 |    115 |     98 |    459 |   5 |  206.0 |
  Orcish Mines |   2303 |   2072 |    231 |      0 |   1671 |   2 | 1151.5 |
   Elven Halls |   3119 |   2855 |    264 |     58 |   2337 |   3 | 1039.7 |
        Vaults |   5672 |   5383 |    289 |     28 |   4567 |   4 | 1418.0 |
        Depths |   4954 |   4712 |    242 |     58 |   3875 |   4 | 1238.5 |
           Zot |   6120 |   5787 |    333 |    292 |   4216 |   5 | 1224.0 |
         Trove |     76 |     76 |      0 |      0 |     35 |   1 |   76.0 |
       Ossuary |    708 |    708 |      0 |    109 |    403 |   1 |  708.0 |
        Wizlab |   1172 |   1172 |      0 |    464 |    469 |   1 | 1172.0 |
    Desolation |   1175 |   1175 |      0 |      0 |    912 |   1 | 1175.0 |
      Gauntlet |    502 |    502 |      0 |     21 |    293 |   1 |  502.0 |
               +--------+--------+--------+--------+--------+-----+--------+

Top non-repeatable levels by time:
  Lair:2: 2649 daAuts
     D:8: 2244 daAuts
Vaults:1: 1910 daAuts
   Zot:1: 1873 daAuts
Spider:1: 1709 daAuts
Spider:4: 1628 daAuts
  Lair:5: 1583 daAuts
  Lair:3: 1528 daAuts
Vaults:3: 1493 daAuts
    D:12: 1482 daAuts
     D:7: 1478 daAuts
Depths:3: 1469 daAuts
    D:10: 1373 daAuts
     D:5: 1372 daAuts
   Elf:3: 1346 daAuts
